[ AOE2 MATCH · #469823691 ]
UnrankedBerbers vs Vikings
[ REPLAY ANALYSIS · EXTRACTED FROM THE RECORDED GAME ]
Feudal
14:15
Castle
17:55
Imperial
33:27
| APM avg | 39.7 |
| APM peak | 64 |
| eAPM avg | 20.0 |
| Villagers / military | 139 / 88 |
Focus
⚔️ 33.6% · 🌾 66.4%
Knight ×30 · Camel Archer ×21 · Genitour ×18 · Fishing Ship ×11 · Mangonel ×7 · Hand Cannoneer ×5
Feudal
14:34
Castle
18:17
Imperial
33:19
| APM avg | 29.5 |
| APM peak | 56 |
| eAPM avg | 20.5 |
| Villagers / military | 139 / 231 |
Focus
⚔️ 32.3% · 🌾 67.7%
Berserk ×139 · Archer ×65 · Fishing Ship ×18 · Battering Ram ×10 · Trebuchet (Packed) ×6 · Longboat ×4
Feudal
18:59
Castle
25:41
Imperial
47:28
| APM avg | 49.5 |
| APM peak | 94 |
| eAPM avg | 29.9 |
| Villagers / military | 180 / 63 |
Focus
⚔️ 43.4% · 🌾 56.6%
Scout Cavalry ×29 · Knight ×19 · Fishing Ship ×11 · Battering Ram ×4 · Throwing Axeman ×4 · Trebuchet (Packed) ×3
Feudal
21:55
Castle
25:50
Imperial
—
| APM avg | 48.7 |
| APM peak | 150 |
| eAPM avg | 30.7 |
| Villagers / military | 206 / 26 |
Focus
⚔️ 50.2% · 🌾 49.8%
Gbeto ×26 · Fishing Ship ×3
Feudal
12:20
Castle
19:49
Imperial
34:46
| APM avg | 30.6 |
| APM peak | 75 |
| eAPM avg | 21.4 |
| Villagers / military | 119 / 210 |
Focus
⚔️ 50.9% · 🌾 49.1%
Militia ×152 · Fishing Ship ×28 · Boyar ×12 · Galley ×12 · Mangonel ×12 · Scorpion ×7
Feudal
13:08
Castle
16:38
Imperial
34:39
| APM avg | 53.5 |
| APM peak | 86 |
| eAPM avg | 29.5 |
| Villagers / military | 149 / 192 |
Focus
⚔️ 46.4% · 🌾 53.6%
Spearman ×105 · Hussite Wagon ×67 · Monk ×6 · Fishing Ship ×6 · Battering Ram ×6 · Trebuchet (Packed) ×6
Feudal
13:38
Castle
18:48
Imperial
36:25
| APM avg | 44.3 |
| APM peak | 99 |
| eAPM avg | 19.3 |
| Villagers / military | 97 / 39 |
Focus
⚔️ 20.4% · 🌾 79.6%
Knight ×28 · Fishing Ship ×10 · Coustillier ×5 · Skirmisher ×2 · Mangonel ×1 · Battering Ram ×1
Feudal
14:02
Castle
18:22
Imperial
41:52
| APM avg | 75.4 |
| APM peak | 116 |
| eAPM avg | 44.5 |
| Villagers / military | 241 / 169 |
Focus
⚔️ 32.2% · 🌾 67.8%
Spearman ×71 · Petard ×66 · Unknown (2550) ×22 · Skirmisher ×17 · Fishing Ship ×17 · Monk ×9
Match map
Initial resources + every placement click. Lines = walls · curves = elevation contours. ◆ gold · ⬟ stone · ● berries · ✦ relic · ◌ wall gap
Your base· Open — 11t gap
Lastmantillidie's base· Open — 3t gap
RaydeX's base· Open — unwalled flank
Zni.Locuss's base· Open — unwalled flank
bav_tarantula's base· Open — 7t gap
Speedlimit's base· Open — unwalled flank
Zni.Venom's base· Open — 15t gap
Zni.无殇's base· Open — 15t gap
Smoothed initial terrain · ◌ = detected wall gap · hover for details
Inputs per minute
— d - - Lastmantillidie
Build order — d
First 150 of 411 actions detected
| 0:11 | Build | Town Center |
| 1:29 | Build | Dock |
| 1:31 | Build | House |
| 2:25 | Build | Palisade Wall |
| 2:33 | Create | Villager (Male) |
| 2:33 | Create | Villager (Male) |
| 2:34 | Create | Villager (Male) |
| 2:34 | Create | Villager (Male) |
| 2:35 | Create | Villager (Male) |
| 2:42 | Build | Palisade Wall |
| 2:44 | Build | Palisade Wall |
| 3:58 | Create | Fishing Ship |
| 4:15 | Create | Villager (Male) |
| 4:16 | Create | Villager (Male) |
| 4:21 | Build | House |
| 4:43 | Research | Loom |
| 4:57 | Create | Villager (Male) |
| 4:57 | Create | Villager (Male) |
| 5:28 | Create | Villager (Male) |
| 5:42 | Create | Villager (Male) |
| 5:45 | Create | Fishing Ship |
| 6:21 | Create | Villager (Male) |
| 6:21 | Create | Villager (Male) |
| 6:34 | Build | House |
| 6:50 | Create | Villager (Male) |
| 6:50 | Create | Villager (Male) |
| 6:53 | Create | Fishing Ship |
| 7:13 | Create | Villager (Male) |
| 7:14 | Create | Villager (Male) |
| 7:21 | Build | House |
| 7:32 | Create | Fishing Ship |
| 7:36 | Create | Villager (Male) |
| 7:37 | Create | Villager (Male) |
| 8:01 | Create | Villager (Male) |
| 8:01 | Create | Villager (Male) |
| 8:04 | Create | Fishing Ship |
| 8:16 | Create | Villager (Male) |
| 8:16 | Create | Villager (Male) |
| 8:36 | Create | Fishing Ship |
| 8:47 | Create | Villager (Male) |
| 8:48 | Create | Villager (Male) |
| 9:12 | Build | Mill |
| 9:16 | Create | Villager (Male) |
| 9:16 | Create | Villager (Male) |
| 9:22 | Build | House |
| 9:37 | Create | Villager (Male) |
| 10:03 | Create | Villager (Male) |
| 10:06 | Create | Fishing Ship |
| 10:27 | Create | Villager (Male) |
| 10:32 | Build | Mining Camp |
| 10:40 | Build | Dock |
| 10:50 | Create | Fishing Ship |
| 10:55 | Build | House |
| 11:02 | Create | Villager (Male) |
| 11:18 | Create | Fishing Ship |
| 11:30 | Build | Mining Camp |
| 11:40 | Create | Villager (Male) |
| 11:58 | Research | Feudal Age |
| 11:59 | Research | Feudal Age |
| 12:19 | Create | Fishing Ship |
| 12:21 | Build | House |
| 12:48 | Create | Fishing Ship |
| 13:24 | Build | Barracks |
| 13:40 | Create | Villager (Male) |
| 14:14 | Create | Villager (Male) |
| 14:15 | Age | Feudal Age |
| 14:27 | Build | Market |
| 14:29 | Build | Blacksmith |
| 14:37 | Create | Unit 2626 |
| 15:15 | Research | Castle Age |
| 15:15 | Research | Castle Age |
| 15:20 | Build | Barracks |
| 15:34 | Build | Lumber Camp |
| 16:32 | Build | Stable |
| 16:56 | Research | Double-Bit Axe |
| 16:56 | Research | Double-Bit Axe |
| 17:47 | Create | Villager (Male) |
| 17:50 | Research | Fletching |
| 17:55 | Age | Castle Age |
| 17:56 | Create | Knight |
| 17:59 | Create | Villager (Male) |
| 18:13 | Build | Castle |
| 18:16 | Research | Bow Saw |
| 18:16 | Research | Bow Saw |
| 18:40 | Create | Villager (Male) |
| 18:52 | Create | Villager (Male) |
| 19:10 | Create | Villager (Male) |
| 19:19 | Create | Villager (Male) |
| 19:24 | Build | Town Center |
| 19:51 | Create | Villager (Male) |
| 20:04 | Create | Villager (Male) |
| 20:05 | Create | Camel Archer |
| 20:05 | Create | Camel Archer |
| 20:11 | Create | Villager (Male) |
| 20:22 | Research | Wheelbarrow |
| 20:23 | Research | Bodkin Arrow |
| 20:24 | Research | Bodkin Arrow |
| 20:24 | Create | Camel Archer |
| 20:24 | Create | Camel Archer |
| 20:25 | Create | Camel Archer |
| 20:53 | Create | Villager (Male) |
| 21:00 | Create | Camel Archer |
| 21:01 | Create | Villager (Male) |
| 21:06 | Create | Villager (Male) |
| 21:24 | Create | Villager (Male) |
| 21:34 | Create | Villager (Male) |
| 21:41 | Build | Town Center |
| 22:02 | Create | Camel Archer |
| 22:03 | Create | Camel Archer |
| 22:16 | Create | Camel Archer |
| 22:22 | Create | Villager (Male) |
| 22:22 | Create | Villager (Male) |
| 22:34 | Create | Villager (Male) |
| 22:35 | Create | Villager (Male) |
| 23:09 | Create | Villager (Male) |
| 23:09 | Create | Villager (Male) |
| 23:13 | Research | Horse Collar |
| 23:13 | Research | Horse Collar |
| 23:17 | Build | Mill |
| 23:20 | Build | Farm |
| 23:20 | Build | Farm |
| 23:21 | Build | Farm |
| 23:21 | Build | Farm |
| 23:44 | Create | Villager (Male) |
| 23:52 | Create | Villager (Male) |
| 23:53 | Create | Camel Archer |
| 23:53 | Create | Camel Archer |
| 23:55 | Build | Farm |
| 23:55 | Build | Farm |
| 23:56 | Build | Farm |
| 23:56 | Build | Farm |
| 24:05 | Create | Camel Archer |
| 24:15 | Build | University |
| 24:17 | Create | Villager (Male) |
| 24:18 | Research | Bloodlines |
| 24:19 | Research | Bloodlines |
| 24:32 | Create | Villager (Male) |
| 24:32 | Create | Villager (Male) |
| 24:32 | Create | Villager (Male) |
| 24:37 | Build | Farm |
| 24:50 | Create | Villager (Male) |
| 24:50 | Create | Villager (Male) |
| 24:54 | Build | Dock |
| 24:59 | Create | Villager (Male) |
| 24:59 | Create | Villager (Male) |
| 25:00 | Create | Camel Archer |
| 25:05 | Create | Villager (Male) |
| 25:19 | Create | Villager (Male) |
| 25:22 | Build | Siege Workshop |
| 25:30 | Create | Villager (Male) |
Build order — Lastmantillidie
First 150 of 473 actions detected
| 0:14 | Build | Town Center |
| 0:41 | Build | House |
| 1:38 | Build | Dock |
| 3:28 | Create | Villager (Male) |
| 3:28 | Create | Villager (Male) |
| 3:28 | Create | Villager (Male) |
| 3:28 | Create | Villager (Male) |
| 3:29 | Create | Villager (Male) |
| 3:31 | Create | Fishing Ship |
| 3:32 | Create | Fishing Ship |
| 4:26 | Create | Villager (Male) |
| 4:26 | Create | Villager (Male) |
| 4:44 | Create | Fishing Ship |
| 4:45 | Create | Fishing Ship |
| 4:49 | Research | Loom |
| 5:01 | Build | House |
| 5:05 | Create | Villager (Male) |
| 5:05 | Create | Villager (Male) |
| 5:42 | Create | Villager (Male) |
| 5:42 | Create | Villager (Male) |
| 5:54 | Build | House |
| 6:07 | Create | Fishing Ship |
| 6:07 | Create | Fishing Ship |
| 6:29 | Create | Villager (Male) |
| 6:35 | Build | House |
| 6:46 | Create | Villager (Male) |
| 6:46 | Create | Villager (Male) |
| 6:47 | Create | Fishing Ship |
| 6:47 | Create | Fishing Ship |
| 7:13 | Create | Villager (Male) |
| 7:13 | Create | Villager (Male) |
| 7:36 | Create | Fishing Ship |
| 7:39 | Create | Villager (Male) |
| 8:01 | Create | Villager (Male) |
| 8:01 | Create | Villager (Male) |
| 8:04 | Build | House |
| 8:13 | Create | Villager (Male) |
| 8:13 | Create | Villager (Male) |
| 8:26 | Create | Fishing Ship |
| 8:46 | Create | Villager (Male) |
| 9:07 | Build | Dock |
| 9:12 | Create | Villager (Male) |
| 9:45 | Create | Villager (Male) |
| 9:47 | Create | Fishing Ship |
| 9:50 | Build | House |
| 9:53 | Create | Villager (Male) |
| 10:06 | Create | Villager (Male) |
| 10:28 | Build | House |
| 10:30 | Create | Fishing Ship |
| 10:40 | Build | Lumber Camp |
| 10:48 | Build | House |
| 11:09 | Create | Villager (Male) |
| 11:11 | Create | Fishing Ship |
| 11:33 | Create | Villager (Male) |
| 11:36 | Build | Mining Camp |
| 11:59 | Create | Villager (Male) |
| 12:09 | Build | Mill |
| 12:23 | Research | Feudal Age |
| 12:30 | Build | House |
| 12:32 | Build | Palisade Wall |
| 12:36 | Build | Palisade Wall |
| 12:37 | Build | Palisade Wall |
| 12:39 | Build | Palisade Wall |
| 12:48 | Create | Fishing Ship |
| 14:12 | Create | Villager (Male) |
| 14:23 | Create | Villager (Male) |
| 14:34 | Age | Feudal Age |
| 14:37 | Build | Blacksmith |
| 14:40 | Build | Palisade Wall |
| 14:44 | Build | Market |
| 14:54 | Research | Double-Bit Axe |
| 14:54 | Research | Double-Bit Axe |
| 15:20 | Build | Dock |
| 15:37 | Research | Castle Age |
| 15:37 | Research | Castle Age |
| 15:48 | Build | Barracks |
| 16:00 | Research | Tech 906 |
| 16:07 | Create | Fishing Ship |
| 16:09 | Create | Fishing Ship |
| 16:55 | Build | Archery Range |
| 16:59 | Create | Spearman |
| 17:04 | Research | Gold Mining |
| 17:27 | Research | Town Watch |
| 17:28 | Create | Villager (Male) |
| 18:13 | Create | Unit 2626 |
| 18:13 | Create | Unit 2626 |
| 18:13 | Create | Unit 2626 |
| 18:17 | Age | Castle Age |
| 18:26 | Build | Town Center |
| 18:42 | Research | Bow Saw |
| 18:42 | Research | Bow Saw |
| 18:57 | Research | Gillnets |
| 18:58 | Create | Villager (Male) |
| 19:14 | Build | House |
| 19:27 | Research | War Galley (upgrade) |
| 19:37 | Research | Fletching |
| 19:41 | Create | Villager (Male) |
| 19:57 | Build | Town Center |
| 20:01 | Create | Villager (Male) |
| 20:03 | Create | Spearman |
| 20:07 | Create | Villager (Male) |
| 20:08 | Create | Villager (Male) |
| 20:31 | Create | Villager (Male) |
| 20:43 | Create | Villager (Male) |
| 20:52 | Build | Lumber Camp |
| 20:55 | Research | Pikeman (upgrade) |
| 20:57 | Create | Villager (Male) |
| 21:01 | Create | Villager (Male) |
| 21:08 | Build | House |
| 21:10 | Build | House |
| 21:25 | Create | Villager (Male) |
| 21:36 | Research | Crossbowman (upgrade) |
| 21:39 | Create | Archer |
| 21:39 | Create | Archer |
| 21:47 | Build | Archery Range |
| 21:52 | Build | House |
| 21:52 | Build | House |
| 21:53 | Create | Villager (Male) |
| 21:54 | Create | Villager (Male) |
| 21:56 | Create | Villager (Male) |
| 22:02 | Build | Town Center |
| 22:07 | Create | Villager (Male) |
| 22:36 | Create | Villager (Male) |
| 22:37 | Create | Villager (Male) |
| 22:43 | Build | Monastery |
| 22:47 | Create | Archer |
| 22:47 | Create | Archer |
| 22:50 | Create | Villager (Male) |
| 22:56 | Create | Villager (Male) |
| 23:00 | Create | Villager (Male) |
| 23:05 | Build | House |
| 23:06 | Build | House |
| 23:14 | Create | Villager (Male) |
| 23:15 | Create | Villager (Male) |
| 23:16 | Create | Villager (Male) |
| 23:27 | Build | House |
| 23:28 | Create | Archer |
| 23:29 | Create | Archer |
| 23:30 | Create | Archer |
| 23:41 | Research | Horse Collar |
| 23:46 | Create | Fishing Ship |
| 23:46 | Create | Fishing Ship |
| 23:50 | Build | Dock |
| 24:04 | Create | Villager (Male) |
| 24:07 | Research | Stone Mining |
| 24:08 | Create | Villager (Male) |
| 24:08 | Create | Villager (Male) |
| 24:09 | Create | Villager (Male) |
| 24:12 | Create | Monk |
| 24:21 | Build | Mining Camp |
Build order — RaydeX
First 150 of 421 actions detected
| 0:11 | Build | Town Center |
| 0:33 | Build | Dock |
| 1:42 | Build | Palisade Wall |
| 2:41 | Create | Villager (Male) |
| 2:42 | Create | Villager (Male) |
| 2:42 | Create | Villager (Male) |
| 2:42 | Create | Villager (Male) |
| 3:34 | Build | House |
| 3:36 | Research | Loom |
| 3:37 | Research | Loom |
| 4:07 | Create | Villager (Male) |
| 4:07 | Create | Villager (Male) |
| 4:08 | Create | Villager (Male) |
| 4:10 | Create | Fishing Ship |
| 5:00 | Build | House |
| 5:09 | Create | Villager (Male) |
| 5:43 | Create | Fishing Ship |
| 5:57 | Create | Villager (Male) |
| 5:57 | Create | Villager (Male) |
| 6:22 | Create | Villager (Male) |
| 6:26 | Build | House |
| 6:48 | Build | House |
| 6:50 | Create | Villager (Male) |
| 6:50 | Create | Villager (Male) |
| 7:10 | Create | Villager (Male) |
| 7:11 | Create | Fishing Ship |
| 7:20 | Build | Palisade Wall |
| 7:25 | Create | Villager (Male) |
| 7:52 | Create | Fishing Ship |
| 7:52 | Create | Fishing Ship |
| 7:53 | Create | Villager (Male) |
| 7:53 | Create | Villager (Male) |
| 8:17 | Create | Villager (Male) |
| 8:18 | Create | Villager (Male) |
| 8:18 | Create | Villager (Male) |
| 8:30 | Create | Fishing Ship |
| 8:52 | Create | Villager (Male) |
| 8:52 | Create | Villager (Male) |
| 9:06 | Build | House |
| 9:11 | Create | Fishing Ship |
| 9:28 | Create | Villager (Male) |
| 9:28 | Create | Villager (Male) |
| 9:28 | Create | Villager (Male) |
| 9:35 | Build | House |
| 9:52 | Create | Fishing Ship |
| 9:52 | Create | Fishing Ship |
| 9:57 | Create | Villager (Male) |
| 10:23 | Create | Villager (Male) |
| 10:39 | Build | Lumber Camp |
| 10:53 | Create | Villager (Male) |
| 10:53 | Create | Villager (Male) |
| 10:54 | Create | Villager (Male) |
| 11:21 | Create | Villager (Male) |
| 11:21 | Create | Villager (Male) |
| 11:40 | Build | House |
| 11:41 | Build | House |
| 12:25 | Build | House |
| 12:28 | Build | House |
| 12:31 | Build | House |
| 12:33 | Build | Palisade Wall |
| 12:36 | Build | Palisade Wall |
| 12:42 | Create | Villager (Male) |
| 12:42 | Create | Villager (Male) |
| 12:49 | Build | Palisade Wall |
| 12:51 | Build | Palisade Wall |
| 13:39 | Create | Villager (Male) |
| 14:01 | Create | Villager (Male) |
| 15:25 | Build | Town Center |
| 15:40 | Build | Palisade Wall |
| 15:48 | Build | Palisade Wall |
| 15:49 | Build | Palisade Wall |
| 15:49 | Build | Palisade Wall |
| 16:19 | Create | Villager (Male) |
| 16:20 | Create | Villager (Male) |
| 16:20 | Create | Villager (Male) |
| 16:27 | Create | Villager (Male) |
| 16:27 | Create | Villager (Male) |
| 16:27 | Create | Villager (Male) |
| 16:48 | Research | Feudal Age |
| 17:03 | Build | Mill |
| 17:16 | Build | Palisade Wall |
| 17:20 | Create | Villager (Male) |
| 18:59 | Age | Feudal Age |
| 19:17 | Build | Blacksmith |
| 19:26 | Build | Palisade Wall |
| 19:32 | Build | Market |
| 19:34 | Build | House |
| 19:38 | Create | Villager (Male) |
| 19:38 | Create | Villager (Male) |
| 19:54 | Build | House |
| 20:04 | Build | House |
| 20:09 | Build | House |
| 20:10 | Build | Palisade Wall |
| 20:12 | Create | Villager (Male) |
| 20:28 | Build | Barracks |
| 20:30 | Create | Villager (Male) |
| 20:38 | Build | Lumber Camp |
| 20:47 | Build | Stable |
| 20:51 | Create | Villager (Male) |
| 20:51 | Create | Villager (Male) |
| 21:05 | Create | Scout Cavalry |
| 21:23 | Research | Double-Bit Axe |
| 21:48 | Create | Scout Cavalry |
| 21:53 | Create | Villager (Male) |
| 22:16 | Create | Scout Cavalry |
| 22:19 | Create | Villager (Male) |
| 22:19 | Create | Villager (Male) |
| 22:25 | Build | Stable |
| 22:51 | Build | Farm |
| 22:52 | Build | Farm |
| 22:53 | Build | Farm |
| 23:00 | Research | Castle Age |
| 23:00 | Research | Castle Age |
| 23:12 | Build | Farm |
| 23:35 | Create | Scout Cavalry |
| 23:36 | Create | Scout Cavalry |
| 23:43 | Build | Farm |
| 23:48 | Build | Farm |
| 23:53 | Research | Scale Barding Armor |
| 23:54 | Research | Scale Barding Armor |
| 24:08 | Build | Dock |
| 24:23 | Build | Farm |
| 24:24 | Create | Villager (Male) |
| 24:41 | Create | Scout Cavalry |
| 24:42 | Create | Scout Cavalry |
| 25:28 | Create | Spearman |
| 25:33 | Build | House |
| 25:35 | Build | House |
| 25:41 | Age | Castle Age |
| 25:43 | Build | Town Center |
| 25:49 | Research | Light Cavalry (upgrade) |
| 25:49 | Research | Light Cavalry (upgrade) |
| 25:52 | Build | House |
| 25:53 | Build | House |
| 25:58 | Build | Siege Workshop |
| 26:27 | Create | Scout Cavalry |
| 26:27 | Create | Scout Cavalry |
| 26:28 | Research | Husbandry |
| 26:38 | Create | Villager (Male) |
| 26:38 | Create | Villager (Male) |
| 26:46 | Create | Battering Ram |
| 26:48 | Create | Scorpion |
| 27:00 | Create | Scout Cavalry |
| 27:00 | Create | Scout Cavalry |
| 27:21 | Create | Scorpion |
| 27:21 | Create | Villager (Male) |
| 27:36 | Create | Villager (Male) |
| 27:36 | Create | Villager (Male) |
| 27:38 | Create | Battering Ram |
| 27:45 | Build | Farm |
Build order — Zni.Locuss
First 150 of 425 actions detected
| 0:26 | Build | Town Center |
| 1:12 | Build | Dock |
| 1:14 | Build | House |
| 2:39 | Create | Villager (Male) ×4 |
| 3:14 | Create | Fishing Ship |
| 3:50 | Build | House |
| 4:12 | Research | Loom |
| 4:35 | Create | Villager (Male) |
| 5:04 | Create | Villager (Male) |
| 5:13 | Create | Fishing Ship |
| 5:30 | Create | Villager (Male) |
| 5:51 | Create | Villager (Male) |
| 6:03 | Build | House |
| 6:16 | Create | Villager (Male) |
| 6:18 | Create | Fishing Ship |
| 6:49 | Create | Villager (Male) |
| 6:49 | Create | Villager (Male) |
| 7:15 | Create | Villager (Male) |
| 7:25 | Build | Lumber Camp |
| 7:29 | Create | Villager (Male) |
| 7:48 | Build | House |
| 7:53 | Create | Villager (Male) |
| 8:06 | Create | Villager (Male) |
| 8:13 | Build | House |
| 8:23 | Build | Palisade Wall |
| 8:28 | Build | Palisade Wall |
| 8:32 | Create | Villager (Male) |
| 8:55 | Create | Villager (Male) |
| 9:14 | Create | Villager (Male) |
| 9:53 | Create | Villager (Male) |
| 10:21 | Build | Town Center |
| 11:00 | Create | Villager (Male) |
| 11:00 | Create | Villager (Male) |
| 11:01 | Create | Villager (Male) |
| 11:55 | Create | Villager (Male) |
| 12:20 | Create | Villager (Male) |
| 12:36 | Create | Villager (Male) |
| 12:38 | Build | House |
| 13:01 | Create | Villager (Male) |
| 13:33 | Create | Villager (Male) |
| 13:56 | Create | Villager (Male) |
| 14:25 | Create | Villager (Male) |
| 14:43 | Create | Villager (Male) |
| 15:07 | Build | House |
| 15:10 | Build | Palisade Wall |
| 15:12 | Build | Palisade Wall |
| 15:16 | Build | Palisade Wall |
| 15:18 | Build | Palisade Wall |
| 15:35 | Create | Villager (Male) |
| 15:49 | Create | Villager (Male) |
| 16:22 | Create | Villager (Male) |
| 16:41 | Create | Villager (Male) |
| 16:48 | Build | Mill |
| 17:05 | Build | Mill |
| 17:10 | Create | Villager (Male) |
| 17:24 | Create | Villager (Male) |
| 17:32 | Build | Palisade Wall |
| 17:41 | Build | Lumber Camp |
| 17:45 | Build | Farm |
| 17:47 | Build | Farm |
| 17:48 | Build | Farm |
| 17:51 | Build | Farm |
| 17:53 | Build | Farm |
| 18:00 | Create | Villager (Male) |
| 18:03 | Build | Farm |
| 18:20 | Build | Farm |
| 18:22 | Create | Villager (Male) |
| 18:24 | Build | Farm |
| 18:46 | Create | Villager (Male) |
| 19:00 | Create | Villager (Male) |
| 19:22 | Build | House |
| 19:45 | Research | Feudal Age |
| 19:45 | Research | Feudal Age |
| 20:17 | Build | House |
| 20:19 | Build | Palisade Wall |
| 20:31 | Build | Mining Camp |
| 20:34 | Build | Lumber Camp |
| 21:36 | Build | Mining Camp |
| 21:41 | Create | Villager (Male) |
| 21:55 | Age | Feudal Age |
| 21:56 | Create | Villager (Male) |
| 22:03 | Build | Market |
| 22:06 | Build | Blacksmith |
| 22:08 | Build | Outpost |
| 22:11 | Research | Town Watch |
| 22:17 | Build | Outpost |
| 23:03 | Build | Outpost |
| 23:05 | Research | Castle Age |
| 23:09 | Build | Outpost |
| 23:37 | Research | Horse Collar |
| 23:47 | Build | Mill |
| 24:20 | Build | Outpost |
| 24:30 | Build | Outpost |
| 25:03 | Build | Outpost |
| 25:06 | Build | Outpost |
| 25:13 | Build | Outpost |
| 25:18 | Build | Outpost |
| 25:27 | Create | Villager (Male) |
| 25:27 | Create | Villager (Male) |
| 25:50 | Age | Castle Age |
| 25:52 | Build | Town Center |
| 26:01 | Create | Villager (Male) |
| 26:10 | Build | Stone Wall |
| 26:11 | Build | Stone Wall |
| 26:13 | Build | Stone Wall |
| 26:29 | Create | Villager (Male) |
| 26:46 | Create | Villager (Male) |
| 27:25 | Create | Villager (Male) |
| 27:25 | Create | Villager (Male) |
| 27:38 | Create | Villager (Male) |
| 27:42 | Create | Villager (Male) |
| 27:52 | Build | Castle |
| 28:02 | Build | House |
| 28:06 | Create | Villager (Male) |
| 28:07 | Create | Villager (Male) |
| 28:08 | Create | Villager (Male) |
| 28:10 | Build | Farm |
| 28:19 | Build | Palisade Wall |
| 28:21 | Build | Building 796 |
| 28:29 | Build | Farm |
| 28:43 | Create | Villager (Male) |
| 28:55 | Create | Gbeto |
| 28:56 | Create | Gbeto |
| 29:17 | Create | Gbeto |
| 29:27 | Create | Villager (Male) |
| 29:28 | Create | Villager (Male) |
| 29:29 | Create | Villager (Male) |
| 29:30 | Create | Villager (Male) |
| 29:41 | Build | Farm |
| 29:50 | Build | Lumber Camp |
| 29:52 | Create | Gbeto |
| 29:56 | Create | Villager (Male) |
| 29:57 | Build | Farm |
| 29:59 | Create | Villager (Male) |
| 30:06 | Build | Farm |
| 30:08 | Create | Gbeto |
| 30:21 | Create | Gbeto |
| 30:33 | Create | Gbeto |
| 30:35 | Build | House |
| 30:59 | Create | Gbeto |
| 31:10 | Create | Villager (Male) |
| 31:11 | Create | Villager (Male) |
| 31:12 | Create | Villager (Male) |
| 31:17 | Create | Villager (Male) |
| 31:21 | Build | Farm |
| 31:23 | Build | Farm |
| 31:42 | Research | Scale Mail Armor |
| 31:43 | Research | Scale Mail Armor |
| 32:05 | Create | Villager (Male) |
| 32:06 | Create | Villager (Male) |
Build order — bav_tarantula
First 150 of 536 actions detected
| 0:17 | Build | Town Center |
| 0:21 | Build | Dock |
| 1:00 | Build | Palisade Wall |
| 1:02 | Build | Palisade Wall |
| 1:59 | Build | House |
| 2:44 | Create | Villager (Male) |
| 2:44 | Create | Villager (Male) |
| 2:44 | Create | Villager (Male) |
| 2:45 | Create | Villager (Male) |
| 3:25 | Create | Villager (Male) |
| 3:52 | Create | Fishing Ship |
| 4:18 | Build | House |
| 4:47 | Create | Villager (Male) |
| 5:15 | Create | Villager (Male) |
| 5:40 | Create | Fishing Ship |
| 5:44 | Create | Villager (Male) |
| 5:53 | Build | House |
| 6:13 | Create | Villager (Male) |
| 6:35 | Create | Villager (Male) |
| 6:40 | Create | Fishing Ship |
| 7:07 | Create | Villager (Male) |
| 7:19 | Create | Villager (Male) |
| 7:21 | Create | Fishing Ship |
| 7:42 | Build | House |
| 7:57 | Create | Villager (Male) |
| 8:05 | Create | Fishing Ship |
| 8:17 | Research | Loom |
| 8:40 | Create | Villager (Male) |
| 8:52 | Build | Mining Camp |
| 8:54 | Create | Villager (Male) |
| 9:07 | Create | Fishing Ship |
| 9:27 | Build | House |
| 10:08 | Create | Fishing Ship |
| 10:10 | Research | Feudal Age |
| 10:48 | Build | Dock |
| 10:59 | Create | Villager (Male) |
| 11:01 | Create | Fishing Ship |
| 11:31 | Create | Villager (Male) |
| 12:20 | Age | Feudal Age |
| 12:25 | Create | Unit 2626 |
| 12:25 | Create | Unit 2626 |
| 12:45 | Build | Mill |
| 12:50 | Create | Villager (Male) |
| 13:18 | Build | House |
| 13:32 | Build | Lumber Camp |
| 13:34 | Create | Villager (Male) |
| 13:36 | Build | House |
| 13:50 | Create | Fire Galley |
| 14:16 | Create | Fire Galley |
| 14:22 | Create | Villager (Male) |
| 14:24 | Research | Double-Bit Axe |
| 14:52 | Create | Unit 2626 |
| 15:37 | Create | Unit 2626 |
| 15:37 | Create | Unit 2626 |
| 15:41 | Create | Villager (Male) |
| 15:42 | Create | Villager (Male) |
| 16:07 | Build | Market |
| 16:33 | Build | Blacksmith |
| 17:09 | Research | Castle Age |
| 17:38 | Build | House |
| 17:38 | Build | House |
| 17:52 | Create | Galley |
| 17:53 | Create | Galley |
| 17:53 | Create | Galley |
| 18:01 | Research | Fletching |
| 18:27 | Create | Villager (Male) |
| 19:00 | Build | Dock |
| 19:03 | Create | Galley |
| 19:04 | Create | Galley |
| 19:17 | Create | Villager (Male) |
| 19:49 | Age | Castle Age |
| 19:51 | Research | War Galley (upgrade) |
| 19:55 | Create | Villager (Male) |
| 20:00 | Build | Town Center |
| 20:12 | Research | Bodkin Arrow |
| 20:19 | Create | Villager (Male) |
| 20:56 | Build | Barracks |
| 21:08 | Create | Villager (Male) |
| 21:10 | Create | Villager (Male) |
| 21:34 | Build | Stable |
| 21:36 | Create | Villager (Male) |
| 21:36 | Create | Villager (Male) |
| 21:44 | Create | Galley |
| 21:44 | Create | Galley |
| 21:58 | Create | Villager (Male) |
| 21:59 | Create | Villager (Male) |
| 22:14 | Create | Villager (Male) |
| 22:38 | Build | Town Center |
| 22:42 | Create | Fishing Ship |
| 23:03 | Build | Dock |
| 23:07 | Create | Villager (Male) |
| 23:07 | Create | Villager (Male) |
| 23:12 | Build | House |
| 23:24 | Create | Scout Cavalry |
| 23:26 | Create | Villager (Male) |
| 23:26 | Create | Villager (Male) |
| 23:27 | Create | Villager (Male) |
| 23:30 | Research | Bow Saw |
| 23:30 | Research | Bow Saw |
| 23:33 | Create | Fishing Ship |
| 23:34 | Create | Fishing Ship |
| 23:48 | Create | Fishing Ship |
| 23:48 | Create | Fishing Ship |
| 23:55 | Create | Villager (Male) |
| 23:57 | Build | House |
| 24:09 | Create | Villager (Male) |
| 24:40 | Create | Villager (Male) |
| 24:41 | Create | Villager (Male) |
| 24:41 | Create | Villager (Male) |
| 24:43 | Create | Fishing Ship |
| 24:43 | Create | Fishing Ship |
| 24:44 | Create | Fishing Ship |
| 24:44 | Create | Fishing Ship |
| 24:54 | Build | Dock |
| 25:14 | Create | Villager (Male) |
| 25:17 | Build | Farm |
| 25:19 | Build | Farm |
| 25:19 | Build | Farm |
| 25:20 | Build | Farm |
| 25:32 | Research | Horse Collar |
| 25:36 | Create | Villager (Male) |
| 25:41 | Build | Lumber Camp |
| 25:42 | Build | Farm |
| 25:43 | Build | Farm |
| 25:44 | Build | Farm |
| 25:58 | Create | Fire Galley |
| 25:59 | Create | Fire Galley |
| 26:15 | Create | Galley |
| 26:16 | Create | Galley |
| 26:16 | Create | Galley |
| 26:16 | Create | Galley |
| 26:17 | Create | Galley |
| 26:48 | Create | Villager (Male) |
| 26:48 | Create | Villager (Male) |
| 26:50 | Research | Wheelbarrow |
| 26:52 | Build | House |
| 26:53 | Build | House |
| 26:57 | Build | University |
| 26:58 | Create | Fishing Ship |
| 26:58 | Create | Fishing Ship |
| 26:59 | Create | Fishing Ship |
| 27:10 | Build | House |
| 27:12 | Build | House |
| 27:13 | Build | House |
| 27:19 | Research | Heavy Plow |
| 27:21 | Create | Villager (Male) |
| 27:22 | Create | Villager (Male) |
| 27:22 | Create | Villager (Male) |
| 27:23 | Create | Villager (Male) |
| 27:25 | Build | House |
Build order — Speedlimit
First 150 of 542 actions detected
| 0:25 | Build | Town Center |
| 2:29 | Build | House |
| 2:30 | Create | Villager (Male) |
| 2:30 | Create | Villager (Male) |
| 2:44 | Create | Villager (Male) |
| 2:45 | Create | Villager (Male) |
| 3:39 | Build | Dock |
| 3:58 | Create | Villager (Male) |
| 4:25 | Create | Fishing Ship |
| 4:38 | Research | Loom |
| 4:51 | Create | Villager (Male) |
| 5:06 | Build | House |
| 5:12 | Create | Villager (Male) |
| 5:44 | Create | Villager (Male) |
| 6:01 | Create | Fishing Ship |
| 6:19 | Create | Villager (Male) |
| 6:30 | Build | House |
| 6:44 | Create | Villager (Male) |
| 6:54 | Create | Fishing Ship |
| 7:02 | Create | Villager (Male) |
| 7:19 | Create | Villager (Male) |
| 7:33 | Build | House |
| 7:44 | Create | Fishing Ship |
| 7:45 | Create | Villager (Male) |
| 8:12 | Create | Villager (Male) |
| 8:25 | Create | Fishing Ship |
| 8:29 | Create | Villager (Male) |
| 8:50 | Build | House |
| 8:53 | Create | Villager (Male) |
| 9:38 | Create | Villager (Male) |
| 9:48 | Create | Fishing Ship |
| 9:59 | Create | Villager (Male) |
| 10:08 | Build | Mining Camp |
| 10:25 | Create | Villager (Male) |
| 10:41 | Build | Mill |
| 10:49 | Build | House |
| 10:58 | Research | Feudal Age |
| 12:01 | Create | Villager (Male) |
| 12:01 | Create | Villager (Male) |
| 13:08 | Age | Feudal Age |
| 13:09 | Build | Market |
| 13:12 | Build | Blacksmith |
| 13:15 | Build | Palisade Wall |
| 13:34 | Build | Lumber Camp |
| 13:47 | Create | Villager (Male) |
| 13:58 | Research | Castle Age |
| 13:59 | Research | Castle Age |
| 13:59 | Create | Villager (Male) |
| 14:00 | Create | Villager (Male) |
| 14:05 | Research | Horse Collar |
| 14:06 | Research | Horse Collar |
| 14:14 | Create | Villager (Male) |
| 14:17 | Research | Double-Bit Axe |
| 14:42 | Create | Unit 2626 |
| 15:26 | Create | Villager (Male) |
| 15:32 | Research | Town Watch |
| 15:34 | Research | Wheelbarrow |
| 15:34 | Create | Villager (Male) |
| 15:47 | Build | House |
| 15:48 | Build | House |
| 16:38 | Age | Castle Age |
| 16:40 | Build | Town Center |
| 16:44 | Build | House |
| 16:50 | Build | Town Center |
| 17:12 | Research | Bow Saw |
| 17:12 | Research | Bow Saw |
| 17:23 | Build | House |
| 17:24 | Create | Villager (Male) |
| 17:26 | Build | House |
| 17:30 | Build | House |
| 17:52 | Create | Unit 2626 |
| 18:23 | Create | Villager (Male) |
| 18:26 | Create | Villager (Male) |
| 18:26 | Create | Villager (Male) |
| 19:00 | Create | Unit 2626 |
| 19:08 | Create | Villager (Male) |
| 19:14 | Build | Monastery |
| 19:18 | Create | Villager (Male) |
| 19:28 | Build | Town Center |
| 19:32 | Create | Villager (Male) |
| 19:33 | Create | Villager (Male) |
| 19:42 | Create | Monk |
| 19:47 | Research | Fervor |
| 19:49 | Create | Villager (Male) |
| 19:53 | Build | House |
| 19:54 | Build | House |
| 20:03 | Create | Villager (Male) |
| 20:23 | Build | Farm |
| 20:23 | Build | Farm |
| 20:30 | Build | Farm |
| 20:37 | Build | Farm |
| 20:41 | Create | Monk |
| 20:42 | Research | Sanctity |
| 20:43 | Create | Villager (Male) |
| 20:50 | Build | Farm |
| 21:01 | Build | Farm |
| 21:07 | Build | House |
| 21:20 | Create | Villager (Male) |
| 21:39 | Build | Farm |
| 21:44 | Build | Farm |
| 21:45 | Create | Villager (Male) |
| 21:46 | Create | Villager (Male) |
| 21:46 | Create | Villager (Male) |
| 21:47 | Create | Villager (Male) |
| 21:53 | Build | House |
| 21:59 | Create | Villager (Male) |
| 22:06 | Create | Villager (Male) |
| 22:12 | Create | Villager (Male) |
| 22:20 | Build | Castle |
| 22:31 | Create | Villager (Male) |
| 22:36 | Create | Villager (Male) |
| 22:38 | Build | House |
| 22:39 | Build | House |
| 22:40 | Create | Villager (Male) |
| 22:44 | Create | Villager (Male) |
| 22:44 | Create | Villager (Male) |
| 22:46 | Build | Farm |
| 22:49 | Build | Farm |
| 22:51 | Create | Villager (Male) |
| 22:58 | Create | Villager (Male) |
| 23:13 | Create | Villager (Male) |
| 23:19 | Create | Villager (Male) |
| 23:20 | Create | Villager (Male) |
| 23:30 | Create | Villager (Male) |
| 23:32 | Build | Farm |
| 23:34 | Build | Farm |
| 23:38 | Build | Lumber Camp |
| 23:42 | Create | Villager (Male) |
| 23:45 | Create | Villager (Male) |
| 23:54 | Build | House |
| 23:54 | Build | House |
| 24:00 | Create | Monk |
| 24:01 | Create | Villager (Male) |
| 24:08 | Create | Villager (Male) |
| 24:09 | Create | Villager (Male) |
| 24:09 | Create | Villager (Male) |
| 24:09 | Create | Hussite Wagon |
| 24:10 | Create | Hussite Wagon |
| 24:19 | Create | Villager (Male) |
| 24:20 | Create | Villager (Male) |
| 24:27 | Create | Villager (Male) |
| 24:35 | Create | Villager (Male) |
| 24:39 | Create | Villager (Male) |
| 24:44 | Create | Hussite Wagon |
| 24:50 | Create | Villager (Male) |
| 24:58 | Build | House |
| 25:03 | Create | Villager (Male) |
| 25:12 | Create | Villager (Male) |
| 25:14 | Create | Villager (Male) |
| 25:16 | Build | Farm |
Build order — Zni.Venom
First 150 of 254 actions detected
| 0:15 | Build | Town Center |
| 0:24 | Build | House |
| 1:21 | Build | Dock |
| 2:34 | Build | House |
| 2:39 | Create | Villager (Male) |
| 2:39 | Create | Villager (Male) |
| 2:39 | Create | Villager (Male) |
| 2:40 | Create | Villager (Male) |
| 2:40 | Create | Villager (Male) |
| 4:06 | Create | Fishing Ship |
| 4:06 | Create | Fishing Ship |
| 4:31 | Create | Villager (Male) |
| 5:07 | Research | Loom |
| 5:11 | Create | Fishing Ship |
| 5:12 | Create | Fishing Ship |
| 5:38 | Create | Villager (Male) |
| 5:38 | Create | Villager (Male) |
| 5:56 | Create | Villager (Male) |
| 6:09 | Build | House |
| 6:14 | Create | Villager (Male) |
| 6:14 | Create | Villager (Male) |
| 6:35 | Create | Villager (Male) |
| 7:02 | Create | Fishing Ship |
| 7:02 | Create | Fishing Ship |
| 7:04 | Create | Villager (Male) |
| 7:27 | Create | Villager (Male) |
| 7:28 | Create | Villager (Male) |
| 7:34 | Create | Fishing Ship |
| 7:55 | Build | House |
| 8:00 | Create | Villager (Male) |
| 8:21 | Create | Fishing Ship |
| 8:33 | Create | Villager (Male) |
| 8:45 | Create | Villager (Male) |
| 8:50 | Create | Villager (Male) |
| 9:02 | Build | Lumber Camp |
| 9:25 | Create | Villager (Male) |
| 9:48 | Build | House |
| 9:52 | Research | Double-Bit Axe |
| 9:54 | Create | Villager (Male) |
| 10:08 | Create | Villager (Male) |
| 10:38 | Create | Fishing Ship |
| 10:41 | Create | Villager (Male) |
| 11:25 | Research | Feudal Age |
| 11:44 | Build | House |
| 11:56 | Build | Mining Camp |
| 12:34 | Create | Villager (Male) |
| 12:35 | Create | Fishing Ship |
| 12:58 | Create | Villager (Male) |
| 13:08 | Build | House |
| 13:38 | Age | Feudal Age |
| 13:40 | Build | Barracks |
| 13:43 | Build | Mill |
| 14:03 | Build | Blacksmith |
| 14:07 | Create | Villager (Male) |
| 14:16 | Build | Market |
| 14:52 | Create | Villager (Male) |
| 15:13 | Create | Villager (Male) |
| 15:22 | Build | Palisade Wall |
| 15:29 | Create | Villager (Male) |
| 15:45 | Research | Castle Age |
| 15:47 | Build | Barracks |
| 16:13 | Build | House |
| 16:17 | Research | Gold Mining |
| 16:48 | Build | Farm |
| 16:50 | Research | Horse Collar |
| 16:55 | Build | Farm |
| 17:04 | Build | House |
| 17:06 | Build | Palisade Wall |
| 17:32 | Build | Stable |
| 17:36 | Create | Villager (Male) |
| 17:51 | Research | Bow Saw |
| 17:51 | Research | Bow Saw |
| 18:29 | Research | Scale Barding Armor |
| 18:35 | Build | Stable |
| 18:47 | Build | Farm |
| 18:48 | Age | Castle Age |
| 18:50 | Create | Knight |
| 19:02 | Create | Knight |
| 19:08 | Build | House |
| 19:11 | Build | Palisade Gate |
| 19:17 | Build | Farm |
| 19:31 | Create | Demolition Raft |
| 19:47 | Create | Knight |
| 19:47 | Create | Knight |
| 20:18 | Create | Villager (Male) |
| 20:18 | Create | Villager (Male) |
| 20:21 | Build | Farm |
| 20:36 | Create | Villager (Male) |
| 21:00 | Build | University |
| 21:16 | Build | Farm |
| 21:17 | Create | Villager (Male) |
| 21:27 | Create | Villager (Male) |
| 22:00 | Build | Mining Camp |
| 22:02 | Research | Stone Mining |
| 22:14 | Build | Farm |
| 22:15 | Create | Villager (Male) |
| 22:26 | Build | Farm |
| 22:34 | Create | Knight |
| 22:34 | Create | Knight |
| 22:51 | Create | Villager (Male) |
| 22:58 | Build | Farm |
| 23:10 | Create | Villager (Male) |
| 23:34 | Build | Farm |
| 23:34 | Create | Villager (Male) |
| 23:46 | Create | Villager (Male) |
| 23:58 | Create | Villager (Male) |
| 24:06 | Build | Farm |
| 24:16 | Create | Villager (Male) |
| 24:27 | Create | Villager (Male) |
| 24:31 | Build | Town Center |
| 24:43 | Build | Farm |
| 24:43 | Create | Villager (Male) |
| 24:55 | Create | Villager (Male) |
| 25:06 | Build | Farm |
| 25:27 | Build | Outpost |
| 25:31 | Research | Town Watch |
| 25:34 | Create | Villager (Male) |
| 25:40 | Create | Villager (Male) |
| 26:01 | Build | Farm |
| 26:02 | Create | Villager (Male) |
| 26:18 | Create | Knight |
| 26:40 | Build | Castle |
| 26:43 | Build | Mining Camp |
| 26:43 | Create | Villager (Male) |
| 26:44 | Create | Villager (Male) |
| 26:48 | Build | Farm |
| 26:48 | Build | Farm |
| 27:13 | Build | Farm |
| 27:25 | Create | Villager (Male) |
| 27:25 | Create | Villager (Male) |
| 27:26 | Research | Wheelbarrow |
| 27:37 | Create | Villager (Male) |
| 27:49 | Create | Villager (Male) |
| 28:05 | Build | Farm |
| 28:06 | Build | Farm |
| 28:09 | Create | Villager (Male) |
| 28:18 | Create | Villager (Male) |
| 28:37 | Create | Coustillier |
| 28:38 | Create | Coustillier |
| 28:40 | Create | Knight |
| 28:40 | Create | Knight |
| 28:49 | Build | Farm |
| 28:49 | Create | Villager (Male) |
| 28:54 | Build | Farm |
| 28:54 | Create | Villager (Male) |
| 29:01 | Build | Building 490 |
| 29:03 | Build | Stone Wall |
| 29:10 | Create | Coustillier |
| 29:20 | Create | Villager (Male) |
| 29:29 | Build | Farm |
Build order — Zni.无殇
First 150 of 639 actions detected
| 0:24 | Build | Town Center |
| 0:28 | Build | Town Center |
| 0:36 | Build | House |
| 1:06 | Build | Dock |
| 2:51 | Create | Villager (Male) |
| 2:51 | Create | Villager (Male) |
| 2:51 | Create | Villager (Male) |
| 2:52 | Create | Villager (Male) |
| 2:52 | Create | Villager (Male) |
| 3:39 | Create | Fishing Ship |
| 3:39 | Create | Fishing Ship |
| 3:55 | Create | Villager (Male) |
| 3:55 | Create | Villager (Male) |
| 4:32 | Create | Fishing Ship |
| 4:32 | Create | Fishing Ship |
| 5:03 | Create | Villager (Male) |
| 5:29 | Create | Villager (Male) |
| 5:29 | Create | Villager (Male) |
| 5:36 | Create | Fishing Ship |
| 5:37 | Create | Fishing Ship |
| 5:37 | Create | Fishing Ship |
| 5:54 | Create | Villager (Male) |
| 5:54 | Create | Villager (Male) |
| 6:03 | Build | House |
| 6:17 | Create | Villager (Male) |
| 6:17 | Create | Villager (Male) |
| 6:35 | Create | Fishing Ship |
| 6:35 | Create | Fishing Ship |
| 6:35 | Create | Fishing Ship |
| 6:51 | Create | Villager (Male) |
| 6:51 | Create | Villager (Male) |
| 6:55 | Create | Fishing Ship |
| 7:15 | Create | Villager (Male) |
| 7:17 | Create | Fishing Ship |
| 7:17 | Create | Fishing Ship |
| 7:18 | Create | Fishing Ship |
| 7:38 | Create | Villager (Male) |
| 7:38 | Create | Villager (Male) |
| 7:38 | Create | Villager (Male) |
| 7:59 | Create | Villager (Male) |
| 8:00 | Create | Villager (Male) |
| 8:00 | Create | Villager (Male) |
| 8:18 | Create | Villager (Male) |
| 8:18 | Create | Villager (Male) |
| 8:18 | Create | Villager (Male) |
| 8:36 | Create | Villager (Male) |
| 8:39 | Create | Villager (Male) |
| 8:42 | Build | Barracks |
| 8:44 | Create | Villager (Male) |
| 8:47 | Create | Villager (Male) |
| 8:50 | Build | House |
| 9:03 | Build | House |
| 9:13 | Create | Villager (Male) |
| 9:17 | Build | House |
| 9:29 | Create | Villager (Male) |
| 9:30 | Create | Villager (Male) |
| 9:35 | Create | Fishing Ship |
| 9:37 | Create | Villager (Male) |
| 9:38 | Create | Villager (Male) |
| 9:46 | Create | Unit 2550 |
| 9:46 | Create | Unit 2550 |
| 9:58 | Create | Villager (Male) |
| 10:14 | Create | Villager (Male) |
| 10:16 | Create | Fishing Ship |
| 10:19 | Build | House |
| 10:23 | Create | Villager (Male) |
| 10:36 | Build | House |
| 10:39 | Build | House |
| 10:49 | Build | House |
| 10:52 | Build | House |
| 11:01 | Create | Villager (Male) |
| 11:05 | Build | House |
| 11:13 | Create | Fishing Ship |
| 11:14 | Build | House |
| 11:17 | Build | House |
| 11:41 | Build | House |
| 11:52 | Research | Feudal Age |
| 11:52 | Research | Feudal Age |
| 13:15 | Create | Villager (Male) |
| 13:16 | Research | Loom |
| 13:22 | Create | Unit 2550 |
| 13:54 | Build | House |
| 14:02 | Age | Feudal Age |
| 14:13 | Build | Stone Wall |
| 14:22 | Build | Settlement |
| 14:24 | Create | Villager (Male) |
| 14:26 | Build | House |
| 14:28 | Create | Unit 2626 |
| 14:33 | Build | Archery Range |
| 14:47 | Create | Villager (Male) |
| 14:51 | Build | Blacksmith |
| 15:02 | Research | Double-Bit Axe |
| 15:02 | Research | Double-Bit Axe |
| 15:11 | Create | Villager (Male) |
| 15:40 | Research | Castle Age |
| 15:40 | Research | Castle Age |
| 15:47 | Create | Unit 2550 |
| 15:49 | Build | Barracks |
| 16:08 | Create | Unit 2626 |
| 16:24 | Create | Unit 2550 |
| 16:24 | Create | Unit 2550 |
| 16:24 | Create | Villager (Male) |
| 16:28 | Create | Villager (Male) |
| 16:39 | Research | Gold Mining |
| 16:40 | Research | Gold Mining |
| 16:44 | Create | Archer |
| 17:01 | Research | Tech 1402 |
| 17:01 | Research | Tech 1402 |
| 17:05 | Create | Unit 2550 |
| 17:05 | Create | Unit 2550 |
| 17:29 | Build | House |
| 17:51 | Create | Unit 2550 |
| 17:51 | Create | Unit 2550 |
| 18:13 | Create | Unit 2626 |
| 18:22 | Age | Castle Age |
| 18:24 | Build | Siege Workshop |
| 18:27 | Create | Unit 2550 |
| 18:27 | Create | Unit 2550 |
| 18:42 | Create | Villager (Male) |
| 19:19 | Create | Mangonel |
| 19:23 | Build | House |
| 19:42 | Build | Monastery |
| 20:09 | Create | Villager (Male) |
| 20:12 | Create | Villager (Male) |
| 20:34 | Create | Villager (Male) |
| 20:53 | Create | Villager (Male) |
| 20:59 | Build | Market |
| 21:04 | Create | Monk |
| 21:05 | Build | House |
| 21:38 | Build | Monastery |
| 22:06 | Create | Monk |
| 22:18 | Create | Unit 2550 |
| 22:19 | Create | Unit 2550 |
| 22:19 | Create | Villager (Male) |
| 22:19 | Create | Villager (Male) |
| 22:19 | Create | Villager (Male) |
| 22:26 | Create | Villager (Male) |
| 22:32 | Build | House |
| 22:33 | Build | Palisade Wall |
| 22:34 | Build | Palisade Wall |
| 22:50 | Create | Monk |
| 22:51 | Create | Monk |
| 22:55 | Build | House |
| 22:56 | Build | House |
| 23:17 | Build | Farm |
| 23:17 | Build | Farm |
| 23:17 | Build | Farm |
| 23:17 | Build | Farm |
| 23:17 | Build | Farm |
| 23:18 | Build | Farm |
Match timeline
| 0:21 | bav_tarantula · first_building Dock |
| 0:33 | RaydeX · first_building Dock |
| 1:00 | bav_tarantula · wall_segment Palisade Wall x1 |
| 1:02 | bav_tarantula · wall_segment Palisade Wall x1 |
| 1:06 | Zni.无殇 · first_building Dock |
| 1:12 | Zni.Locuss · first_building Dock |
| 1:21 | Zni.Venom · first_building Dock |
| 1:29 | d · first_building Dock |
| 1:38 | Lastmantillidie · first_building Dock |
| 1:42 | RaydeX · wall_segment Palisade Wall x1 |
| 2:25 | d · wall_segment Palisade Wall x1 |
| 2:42 | d · wall_segment Palisade Wall x1 |
| 2:44 | d · wall_segment Palisade Wall x1 |
| 3:39 | Speedlimit · first_building Dock |
| 7:20 | RaydeX · wall_segment Palisade Wall x4 |
| 8:23 | Zni.Locuss · wall_segment Palisade Wall x1 |
| 8:28 | Zni.Locuss · wall_segment Palisade Wall x1 |
| 8:42 | Zni.无殇 · first_building Barracks |
| 12:20 | bav_tarantula · age_up feudal |
| 12:32 | Lastmantillidie · wall_segment Palisade Wall x1 |
| 12:33 | RaydeX · wall_segment Palisade Wall x1 |
| 12:36 | Lastmantillidie · wall_segment Palisade Wall x7 |
| 12:36 | RaydeX · wall_segment Palisade Wall x1 |
| 12:37 | Lastmantillidie · wall_segment Palisade Wall x1 |
| 12:39 | Lastmantillidie · wall_segment Palisade Wall x3 |
| 12:49 | RaydeX · wall_segment Palisade Wall x4 |
| 12:51 | RaydeX · wall_segment Palisade Wall x3 |
| 13:08 | Speedlimit · age_up feudal |
| 13:15 | Speedlimit · wall_segment Palisade Wall x1 |
| 13:24 | d · first_building Barracks |
| 13:38 | Zni.Venom · age_up feudal |
| 13:40 | Zni.Venom · first_building Barracks |
| 14:02 | Zni.无殇 · age_up feudal |
| 14:13 | Zni.无殇 · wall_segment Stone Wall x1 |
| 14:15 | d · age_up feudal |
| 14:33 | Zni.无殇 · first_building Archery Range |
| 14:34 | Lastmantillidie · age_up feudal |
| 14:40 | Lastmantillidie · wall_segment Palisade Wall x1 |
| 15:10 | Zni.Locuss · wall_segment Palisade Wall x1 |
| 15:12 | Zni.Locuss · wall_segment Palisade Wall x1 |
| 15:16 | Zni.Locuss · wall_segment Palisade Wall x1 |
| 15:18 | Zni.Locuss · wall_segment Palisade Wall x1 |
| 15:22 | Zni.Venom · wall_segment Palisade Wall x1 |
| 15:40 | RaydeX · wall_segment Palisade Wall x1 |
| 15:48 | RaydeX · wall_segment Palisade Wall x1 |
| 15:48 | Lastmantillidie · first_building Barracks |
| 15:49 | RaydeX · wall_segment Palisade Wall x1 |
| 15:49 | RaydeX · wall_segment Palisade Wall x1 |
| 16:32 | d · first_building Stable |
| 16:38 | Speedlimit · age_up castle |
| 16:55 | Lastmantillidie · first_building Archery Range |
| 17:06 | Zni.Venom · wall_segment Palisade Wall x3 |
| 17:16 | RaydeX · wall_segment Palisade Wall x1 |
| 17:32 | Zni.Locuss · wall_segment Palisade Wall x1 |
| 17:32 | Zni.Venom · first_building Stable |
| 17:55 | d · age_up castle |
| 18:13 | d · first_building Castle |
| 18:17 | Lastmantillidie · age_up castle |
| 18:22 | Zni.无殇 · age_up castle |
| 18:24 | Zni.无殇 · first_building Siege Workshop |
| 18:48 | Zni.Venom · age_up castle |
| 18:59 | RaydeX · age_up feudal |
| 19:14 | Speedlimit · first_building Monastery |
| 19:26 | RaydeX · wall_segment Palisade Wall x1 |
| 19:42 | Zni.无殇 · first_building Monastery |
| 19:44 | Lastmantillidie · first_market_buy 100 wood |
| 19:49 | bav_tarantula · age_up castle |
| 20:10 | RaydeX · wall_segment Palisade Wall x1 |
| 20:10 | bav_tarantula · first_market_sell 100 food |
| 20:17 | Zni.Venom · first_market_buy 100 food |
| 20:19 | Zni.Locuss · wall_segment Palisade Wall x1 |
| 20:28 | RaydeX · first_building Barracks |
| 20:47 | RaydeX · first_building Stable |
| 20:56 | bav_tarantula · first_building Barracks |
| 21:05 | Speedlimit · first_market_buy 100 stone |
| 21:34 | bav_tarantula · first_building Stable |
| 21:55 | Zni.Locuss · age_up feudal |
| 22:18 | Zni.无殇 · first_market_buy 100 food |
| 22:20 | Speedlimit · first_building Castle |
| 22:33 | Zni.无殇 · wall_segment Palisade Wall x1 |
| 22:34 | Zni.无殇 · wall_segment Palisade Wall x1 |
| 22:43 | Lastmantillidie · first_building Monastery |
| 22:57 | Zni.Locuss · first_market_sell 100 wood |
| 22:59 | RaydeX · first_market_buy 100 food |
| 24:31 | Zni.无殇 · first_market_sell 100 stone |
| 25:22 | d · first_building Siege Workshop |
| 25:41 | RaydeX · age_up castle |
| 25:50 | Zni.Locuss · age_up castle |
| 25:58 | RaydeX · first_building Siege Workshop |
| 26:10 | Zni.Locuss · wall_segment Stone Wall x1 |
| 26:11 | Zni.Locuss · wall_segment Stone Wall x1 |
| 26:13 | Zni.Locuss · wall_segment Stone Wall x1 |
| 26:38 | Speedlimit · first_building Siege Workshop |
| 26:40 | Zni.Venom · first_building Castle |
| 27:52 | Zni.Locuss · first_building Castle |
| 28:19 | Zni.Locuss · wall_segment Palisade Wall x3 |
| 28:42 | Lastmantillidie · first_building Castle |
| 28:59 | d · first_market_sell 100 wood |
| 29:03 | Zni.Venom · wall_segment Stone Wall x1 |
| 29:04 | Lastmantillidie · first_market_sell 100 wood |
| 30:02 | RaydeX · first_market_sell 100 wood |
| 31:00 | bav_tarantula · first_building Siege Workshop |
| 31:13 | d · first_building Archery Range |
| 31:26 | Speedlimit · first_market_sell 500 wood |
| 32:26 | Zni.Locuss · first_market_buy 100 stone |
| 33:19 | Lastmantillidie · age_up imperial |
| 33:27 | d · age_up imperial |
| 33:55 | bav_tarantula · first_market_buy 100 stone |
| 34:01 | bav_tarantula · first_building Castle |
| 34:12 | Zni.Venom · first_building Siege Workshop |
| 34:20 | Zni.Venom · first_building Archery Range |
| 34:39 | Speedlimit · age_up imperial |
| 34:46 | bav_tarantula · age_up imperial |
| 34:54 | Zni.无殇 · first_building Castle |
| 35:03 | RaydeX · first_building Castle |
| 35:18 | Zni.无殇 · wall_segment Stone Wall x14 |
| 36:05 | Zni.无殇 · wall_segment Stone Wall x15 |
| 36:07 | Zni.无殇 · wall_segment Stone Wall x7 |
| 36:17 | Zni.无殇 · wall_segment Stone Wall x10 |
| 36:22 | Zni.无殇 · wall_segment Stone Wall x1 |
| 36:25 | Zni.Venom · age_up imperial |
| 36:26 | Zni.无殇 · wall_segment Stone Wall x4 |
| 36:28 | Zni.无殇 · wall_segment Stone Wall x1 |
| 36:33 | Zni.Venom · first_market_sell 100 food |
| 36:53 | Speedlimit · first_building Barracks |
| 37:08 | Zni.无殇 · wall_segment Stone Wall x6 |
| 40:25 | Zni.无殇 · wall_segment Stone Wall x1 |
| 41:52 | Zni.无殇 · age_up imperial |
| 43:57 | Zni.无殇 · wall_segment Stone Wall x3 |
| 44:24 | bav_tarantula · tribute_sent a jugador 1 |
| 44:24 | bav_tarantula · tribute_sent a jugador 2 |
| 44:24 | bav_tarantula · tribute_sent a jugador 3 |
| 44:24 | bav_tarantula · tribute_sent a jugador 5 |
| 44:24 | bav_tarantula · tribute_sent a jugador 6 |
| 44:24 | bav_tarantula · tribute_sent a jugador 7 |
| 44:24 | bav_tarantula · tribute_sent a jugador 8 |
| 44:58 | Speedlimit · tribute_sent a jugador 1 |
| 44:58 | Speedlimit · tribute_sent a jugador 2 |
| 44:58 | Speedlimit · tribute_sent a jugador 3 |
| 44:58 | Speedlimit · tribute_sent a jugador 4 |
| 44:58 | Speedlimit · tribute_sent a jugador 6 |
| 44:58 | Speedlimit · tribute_sent a jugador 7 |
| 44:58 | Speedlimit · tribute_sent a jugador 8 |
| 45:09 | RaydeX · tribute_sent a jugador 1 |
| 45:09 | RaydeX · tribute_sent a jugador 3 |
| 45:09 | RaydeX · tribute_sent a jugador 4 |
| 45:09 | RaydeX · tribute_sent a jugador 5 |
| 45:09 | RaydeX · tribute_sent a jugador 6 |
| 45:09 | RaydeX · tribute_sent a jugador 7 |
| 45:09 | RaydeX · tribute_sent a jugador 8 |
| 45:42 | Speedlimit · wall_segment Stone Wall x1 |
| 45:43 | Zni.无殇 · wall_segment Stone Wall x3 |
| 45:44 | Speedlimit · wall_segment Stone Wall x1 |
| 45:49 | Speedlimit · wall_segment Stone Wall x1 |
| 45:51 | Speedlimit · wall_segment Stone Wall x1 |
| 46:00 | Speedlimit · wall_segment Stone Wall x1 |
| 46:02 | Zni.Locuss · wall_segment Stone Wall x1 |
| 46:02 | Speedlimit · wall_segment Stone Wall x1 |
| 46:03 | Speedlimit · wall_segment Stone Wall x1 |
| 46:04 | Zni.Locuss · wall_segment Stone Wall x1 |
| 46:24 | Lastmantillidie · first_building Siege Workshop |
| 47:28 | RaydeX · age_up imperial |
| 48:23 | Zni.无殇 · wall_segment Stone Wall x5 |
| 48:33 | Speedlimit · tribute_sent a jugador 1 |
| 48:33 | Speedlimit · tribute_sent a jugador 2 |
| 48:33 | Speedlimit · tribute_sent a jugador 3 |
| 48:33 | Speedlimit · tribute_sent a jugador 4 |
| 48:33 | Speedlimit · tribute_sent a jugador 6 |
| 48:33 | Speedlimit · tribute_sent a jugador 7 |
| 48:33 | Speedlimit · tribute_sent a jugador 8 |
| 50:11 | Zni.Locuss · first_building Barracks |
| 50:18 | Speedlimit · tribute_sent a jugador 1 |
| 50:18 | Speedlimit · tribute_sent a jugador 2 |
| 50:18 | Speedlimit · tribute_sent a jugador 3 |
| 50:18 | Speedlimit · tribute_sent a jugador 4 |
| 50:18 | Speedlimit · tribute_sent a jugador 6 |
| 50:18 | Speedlimit · tribute_sent a jugador 7 |
| 50:18 | Speedlimit · tribute_sent a jugador 8 |
| 50:29 | bav_tarantula · tribute_sent a jugador 1 |
| 50:29 | bav_tarantula · tribute_sent a jugador 2 |
| 50:29 | bav_tarantula · tribute_sent a jugador 3 |
| 50:29 | bav_tarantula · tribute_sent a jugador 5 |
| 50:29 | bav_tarantula · tribute_sent a jugador 6 |
| 50:29 | bav_tarantula · tribute_sent a jugador 7 |
| 50:29 | bav_tarantula · tribute_sent a jugador 8 |
| 50:57 | bav_tarantula · resign |
[ AI ANALYSIS · 1 CREDIT ]
What really happened in this match?
Wolo.gg analyzes every decision: build order, eco, micro, common mistakes by bracket. Personalized analysis on WhatsApp or Discord in 30 seconds.
Civ guide
Berbers
Perfil
Jugador #20191612